 Dungeon Crawl Stone Soup version 0.27-a0-328-g7f782ed93a (webtiles) character file.

Game seed: 4816867525834133263

323 ReteAZ the Ruffian (level 6, -5/47 HPs)
             Began as a Gnoll Wanderer on Feb 11, 2021.
             Slain by an ice beast (10 damage)
             ... on level 4 of the Dungeon.
             The game lasted 00:06:00 (5471 turns).

ReteAZ the Ruffian (Gnoll Wanderer)                 Turns: 5471, Time: 00:06:01

Health: -5/47      AC:  8    Str: 12    XL:     6   Next: 47%
Magic:  9/9        EV:  1    Int: 14    God:
Gold:   125        SH: 12    Dex: 10    Spells: 9/9 levels left

rFire    . . .     SeeInvis .     - Unarmed
rCold    . . .     Faith    .   w - +0 tower shield
rNeg     . . .     Spirit   .   r - +0 chain mail
rPois    +         Reflect  .   (no helmet)
rElec    .         Harm     .   (no cloak)
rCorr    .         Rampage  .   (no gloves)
Will     .....                  (no boots)
Stlth    ..........             (no amulet)
HPRegen  0.15/turn              u - ring of poison resistance
MPRegen  0.11/turn              (no ring)

@: no status effects
A: distributed training, fangs 1, strong nose
a: no special abilities


You were on level 4 of the Dungeon.
You visited 1 branch of the dungeon, and saw 5 of its levels.
You also visited: Sewer.

You collected 255 gold pieces.
You spent 130 gold pieces at shops.

Inventory:

Hand Weapons
 a - a +0 club
 e - a +0 dagger
 s - a +1 antimagic hand axe
Missiles
 b - 2 throwing nets
 f - 69 poisoned darts (quivered)
 l - 4 javelins
Armour
 d - a +0 leather armour
 r - a +0 chain mail (worn)
 w - a +0 tower shield (worn)
Jewellery
 u - a ring of poison resistance (left hand)
Scrolls
 g - 9 scrolls of identify {unknown}
 h - 3 scrolls of teleportation {unknown}
 i - a scroll of fear {unknown}
 m - 6 scrolls of amnesia {unknown}
 o - a scroll of magic mapping {unknown}
 v - 2 scrolls of blinking {unknown}
Potions
 c - 2 potions of curing
 j - 5 potions of heal wounds
 k - 3 potions of brilliance {unknown}
 n - a potion of mutation {unknown}
 p - a potion of might {unknown}
 q - a potion of degeneration {unknown}
 t - 3 potions of flight {unknown}


   Skills:
 + Level 3.2 Fighting
 + Level 2.0 Short Blades
 + Level 2.0 Long Blades
 + Level 2.0 Axes
 + Level 2.0 Maces & Flails
 + Level 2.0 Polearms
 + Level 2.0 Staves
 + Level 2.0 Slings
 + Level 2.0 Bows
 + Level 2.0 Crossbows
 + Level 2.0 Throwing
 + Level 2.0 Armour
 + Level 3.2 Dodging
 + Level 4.6 Stealth
 + Level 3.2 Shields
 + Level 5.0 Unarmed Combat
 + Level 2.0 Spellcasting
 + Level 1.5 Conjurations
 + Level 1.5 Hexes
 + Level 1.5 Summonings
 + Level 4.1 Necromancy
 + Level 1.5 Translocations
 + Level 1.5 Transmutations
 + Level 1.5 Fire Magic
 + Level 1.5 Ice Magic
 + Level 1.5 Air Magic
 + Level 1.5 Earth Magic
 + Level 2.6 Poison Magic
 + Level 2.2 Invocations
 + Level 2.0 Evocations


You had 9 spell levels left.
You didn't know any spells.
Your spell library was empty.

Dungeon Overview and Level Annotations

Branches:
Dungeon (5/15)              Sewer (visited)
 Temple: D:4-7

Altars:
Wu Jian
Yredelemnul

Shops:
D:4 !


Innate Abilities, Weirdness & Mutations

Your experience applies equally to all skills.
You have very sharp teeth.
Your uncanny sense of smell can sniff out nearby items.


Message History

The ice beast freezes you! The hound bites you but does no damage.
You are too injured to fight recklessly!
You are too injured to fight recklessly!
You are too injured to fight recklessly!
You are too injured to fight recklessly!
You are too injured to fight recklessly!
You are too injured to fight recklessly!
You are too injured to fight recklessly!
You are too injured to fight recklessly!
You are too injured to fight recklessly!
You are too injured to fight recklessly!
You are too injured to fight recklessly!
The ice beast completely misses you. You block the hound's attack.
There is a stone staircase leading up here.
The ice beast hits you but does no damage.
The hound bites you but does no damage.
You climb upwards.
There is a stone staircase leading down here.
Your shield prevents you from hitting the ice beast.
The ice beast is moderately wounded.
The hound bites you but does no damage. The ice beast completely misses you.
The hound bites you but does no damage.
The ice beast hits you but does no damage.
You hit the ice beast.
The ice beast is moderately wounded.
You block the hound's attack. The hound bites you but does no damage.
The ice beast hits you but does no damage.
You hit the ice beast.
The ice beast is heavily wounded.
You block the hound's attack. The ice beast hits you.
The ice beast freezes you!
* * * LOW HITPOINT WARNING * * *
The hound bites you.
* * * LOW HITPOINT WARNING * * *
You hit the ice beast but do no damage.
The ice beast is heavily wounded.
You block the hound's attack. The ice beast hits you.
* * * LOW HITPOINT WARNING * * *
The ice beast freezes you!
You die...

..♣♣♣P.##..#### #....#.........
..♣ ♣..##..# ##...####...###
.P♣♣♣P.#...# #........#...#
....P..#.#.# ##.#......###.#
.........#.# #..#.##...# #..
........##.# #.##.##.#.# ###
..♣♣♣P..##.###### #.##.##.#.#####
..♣ ♣..........h###.##.#..#......
..♣♣♣.......###Y@##.##.#.#...####
..PP.P..##########..##...#...>###
........##≈≈÷≈≈≈≈#####..#...#...#
..PP...##≈#######≈#...>...#..##..
.P♣♣♣P.##≈#.≈≈≈##.#.#..#.###.####
..♣ ♣..##.#≈###≈#≈###..#.# #.#
..♣♣♣..##≈#≈#.≈##.####.#.# #.#
.....(..#÷#≈#####≈#......# #.###
........#≈##.≈≈≈÷##.##.#.###...##


You could see an ice beast and a hound.

Vanquished Creatures
  An ogre (D:3)
  A worker ant (D:4)
  2 orc wizards (D:3)
  4 adders
  A white imp (D:4)
  An ooze (D:2)
  A worm (D:4)
  8 leopard geckos
  8 orcs
  19 giant cockroaches
  5 goblins
  3 hobgoblins
  6 jackals
  4 ball pythons
  12 bats
  8 frilled lizards
  4 kobolds
  13 rats
101 creatures vanquished.

Vanquished Creatures (others)
  8 plants (D:4)
8 creatures vanquished.

Grand Total: 109 creatures vanquished

Notes
Turn   | Place    | Note
-------+----------+-------------------------------------------
     0 | D:1      | ReteAZ the Gnoll Wanderer began the quest for the Orb.
     0 | D:1      | ReteAZ set off with the following items: a +0 club, 4
                  | throwing nets, 2 potions of curing, a +0 leather armour, a
                  | +0 dagger
     0 | D:1      | Reached XP level 1. HP: 17/17 MP: 1/1
   527 | D:1      | Reached XP level 2. HP: 23/23 MP: 2/2
  1157 | D:2      | Found a basalt altar of Yredelemnul.
  1262 | D:2      | Reached XP level 3. HP: 28/28 MP: 3/3
  1386 | D:2      | Reached skill level 1 in Invocations
  1867 | D:2      | Reached skill level 1 in Short Blades
  1867 | D:2      | Reached skill level 1 in Long Blades
  1867 | D:2      | Reached skill level 1 in Axes
  1867 | D:2      | Reached skill level 1 in Maces & Flails
  1867 | D:2      | Reached skill level 1 in Polearms
  1867 | D:2      | Reached skill level 1 in Staves
  1867 | D:2      | Reached skill level 1 in Slings
  1867 | D:2      | Reached skill level 1 in Bows
  1867 | D:2      | Reached skill level 1 in Crossbows
  1867 | D:2      | Reached skill level 1 in Throwing
  1867 | D:2      | Reached skill level 1 in Armour
  1867 | D:2      | Reached skill level 1 in Spellcasting
  1867 | D:2      | Reached skill level 1 in Evocations
  2067 | D:2      | Reached XP level 4. HP: 33/34 MP: 5/5
  2337 | D:3      | Reached skill level 1 in Conjurations
  2337 | D:3      | Reached skill level 1 in Hexes
  2337 | D:3      | Reached skill level 1 in Summonings
  2337 | D:3      | Reached skill level 1 in Translocations
  2337 | D:3      | Reached skill level 1 in Transmutations
  2337 | D:3      | Reached skill level 1 in Fire Magic
  2337 | D:3      | Reached skill level 1 in Ice Magic
  2337 | D:3      | Reached skill level 1 in Air Magic
  2337 | D:3      | Reached skill level 1 in Earth Magic
  2570 | D:3      | Noticed an ogre
  3061 | D:3      | Reached XP level 5. HP: 16/40 MP: 6/6
  3475 | D:3      | Killed an ogre
  3476 | D:3      | Reached XP level 6. HP: 11/47 MP: 8/8
  3831 | D:4      | Found an ornate altar of the Wu Jian Council.
  4240 | D:4      | Found Zuheps's Distillery.
  4248 | D:4      | Bought 2 potions of heal wounds for 130 gold pieces
  4381 | D:4      | Found a glowing drain.
  4385 | Sewer    | Entered a sewer
  4555 | Sewer    | Reached skill level 5 in Unarmed Combat
  5456 | D:5      | Entered Level 5 of the Dungeon
  5457 | D:5      | Noticed an ice beast
  5471 | D:4      | Slain by an ice beast

Illustrated notes

Levels and vault maps discovered:
D:1:      dpeg_arrival_lava_temple_mockup, layout_basic
D:2:      layout_basic, yredelemnul_altar_generic
D:3:      layout_rooms
D:4:      layout_rooms, nicolae_overflow_crystal_walls, serial_shops, shop,
          gup_sewer_entry_spiral, minivault_14, kennysheep_boxes
D:5:      layout_rooms, old_standard_altar

Skill      XL: |  1  2  3  4  5  6 |
---------------+-------------------+-----
Poison Magic   | 2 |  2.6
Invocations    | 1 2 |  2.2
Short Blades   | 1 2 |  2.0
Long Blades    | 1 2 |  2.0
Axes           | 1 2 |  2.0
Maces & Flails | 1 2 |  2.0
Polearms       | 1 2 |  2.0
Staves         | 1 2 |  2.0
Slings         | 1 2 |  2.0
Bows           | 1 2 |  2.0
Crossbows      | 1 2 |  2.0
Throwing       | 1 2 |  2.0
Armour         | 1 2 |  2.0
Spellcasting   | 1 2 |  2.0
Evocations     | 1 2 |  2.0
Conjurations   | 1 |  1.5
Hexes          | 1 |  1.5
Summonings     | 1 |  1.5
Translocations | 1 |  1.5
Transmutations | 1 |  1.5
Fire Magic     | 1 |  1.5
Ice Magic      | 1 |  1.5
Air Magic      | 1 |  1.5
Earth Magic    | 1 |  1.5
Fighting       | 3 |  3.2
Dodging        | 3 |  3.2
Shields        | 3 |  3.2
Necromancy     | 4 |  4.1
Unarmed Combat | 5 |  5.0
Stealth        | |  4.6

Action                   |  1- 3 |  4- 6 || total
-------------------------+-------+-------++-------
Melee: Unarmed           |   145 |   335 ||   480
       Bite              |    11 |    21 ||    32
       Punch             |     3 |     1 ||     4
Throw: Dart              |     1 |     8 ||     9
       Throwing net      |       |     3 ||     3
  Use: Potion            |       |     1 ||     1
 Stab: Sleeping          |     8 |       ||     8
Armor: Leather armour    |    49 |       ||    49
       Chain mail        |       |   208 ||   208
Dodge: Dodged            |   111 |    75 ||   186
Block: Tower shield      |       |    62 ||    62

Table legend: (Time is in decaauts)
 A = Elapsed time spent in this place.
 B = Non-inter-level travel time spent in this place.
 C = Inter-level travel time spent in this place.
 D = Time resting spent in this place.
 E = Time spent auto-exploring this place.
 F = Levels seen in this place.
 G = Mean time per level.
                   A        B        C        D        E       F      G
               +--------+--------+--------+--------+--------+-----+--------+
         Total |   5589 |   5356 |    233 |    609 |   3432 |   6 |  931.5 |
       Dungeon |   4845 |   4612 |    233 |    609 |   2995 |   5 |  969.0 |
         Sewer |    743 |    743 |      0 |      0 |    436 |   1 |  743.0 |
               +--------+--------+--------+--------+--------+-----+--------+

Top non-repeatable levels by time:
     D:2: 1469 daAuts
     D:3: 1153 daAuts
     D:1: 1152 daAuts
     D:4: 1058 daAuts
   Sewer: 743 daAuts
     D:5: 12 daAuts
